 Dungeon Crawl Stone Soup version 0.27-a0-1281-ge233d83751 (webtiles) character file.

Game seed: 11433167366666071337

101 Delamore the Skirmisher (level 4, -1/29 HPs)
             Began as a Gargoyle Fighter on June 14, 2021.
             Was a Plaything of Xom.
             Slain by an orc (6 damage)
             ... on level 3 of the Dungeon.
             The game lasted 00:01:34 (1654 turns).

Delamore the Skirmisher (Gargoyle Fighter)          Turns: 1654, Time: 00:01:35

Health: -1/29      AC: 10    Str: 20    XL:     4   Next: 75%
Magic:  4/4        EV:  7    Int:  9    God:    Xom [.....*]
Gold:   85         SH:  9    Dex:  9    Spells: 3/3 levels left

rFire    . . .     SeeInvis .   a - +0 flail
rCold    . . .     Faith    .   c - +0 kite shield
rNeg     + . .     Spirit   .   b - +0 scale mail
rPois    ∞         Reflect  .   (no helmet)
rElec    +         Harm     .   (no cloak)
rCorr    .         Rampage  .   (no gloves)
Will     .....                  (no boots)
Stlth    ..........             (no amulet)
HPRegen  0.09/turn              (no ring)
MPRegen  0.09/turn              (no ring)

@: no status effects
A: sickness immunity, AC +3, negative energy resistance 1, electricity
resistance, torment resistance 1, petrification resistance
a: Renounce Religion


You were on level 3 of the Dungeon.
You worshipped Xom.
You were Xom's teddy bear.
You visited 1 branch of the dungeon, and saw 3 of its levels.

You collected 85 gold pieces.

Inventory:

Hand Weapons
 a - a +0 flail (weapon)
Missiles
 f - 5 curare-tipped darts (quivered)
Armour
 b - a +0 scale mail (worn)
 c - a +0 kite shield (worn)
 k - a +0 plate armour
Scrolls
 g - 2 scrolls of blinking {unknown}
 j - a scroll of magic mapping
 l - a scroll of amnesia {unknown}
Potions
 d - a potion of might
 e - a potion of curing
 i - a potion of invisibility


   Skills:
 + Level 4.2 Fighting
 * Level 4.1 Maces & Flails
 - Level 3.2 Armour
 - Level 3.2 Shields


You had 3 spell levels left.
You didn't know any spells.
Your spell library contained the following spells:

 Spells                   Type           Power      Damage    Failure   Level
 Corona                   Hex            0%         N/A       99%         1
 Ensorcelled Hibernation  Hex/Ice        0%         N/A       100%        2
 Confusing Touch          Hex            0%         N/A       100%        3
 Dazzling Flash           Conj/Hex       0%         N/A       100%        3
 Tukima's Dance           Hex            0%         N/A       100%        3


Dungeon Overview and Level Annotations

Branches:
Dungeon (3/15)

Altars:
Xom


Innate Abilities, Weirdness & Mutations

You are immune to sickness and miasma.
Your stone body is resilient. (AC +3)
You are immune to poison.
You resist negative energy. (rN+)
You are resistant to electric shocks. (rElec)
You are resistant to unholy torment.
You are immune to petrification.


Message History

You throw a curare-tipped dart.
The curare-tipped dart closely misses the orc priest.
The curare-tipped dart hits the orc.
The orc is poisoned.
The orc convulses.
The orc seems to slow down.
The orc is heavily wounded.
The orc priest hits you but does no damage.
Throw: 7 darts (curare)
Press: ? - help, Q - select action Shift-Dir - straight line, f/p - orc priest
Aim: an orc priest, wielding a +0 trident (56% to hit)
You throw a curare-tipped dart.
The curare-tipped dart hits the orc priest.
The orc priest is poisoned.
The orc priest convulses.
The orc priest seems to slow down.
The orc priest is heavily wounded.
You kill the orc!
The orc priest hits you with a +0 trident.
* * * LOW HITPOINT WARNING * * *
Throw: 6 darts (curare)
Press: ? - help, Q - select action Shift-Dir - straight line, f/p - orc priest
Aim: an orc priest, wielding a +0 trident (almost dead, very poisoned, slow, 56% to hit)
You throw a curare-tipped dart.
The curare-tipped dart barely misses the orc priest.
The curare-tipped dart closely misses the orc.
The orc priest hits you but does no damage.
You sock the orc priest!
You kill the orc priest!
The orc hits you but does no damage.
Your Maces & Flails skill increases to level 4!
You see here a +0 mace.
Your shield prevents you from hitting the orc.
The orc barely misses you.
You hit the orc.
The orc is moderately wounded.
You hit the orc but do no damage. You block the orc's attack.
The orc barely misses you. The orc hits you but does no damage.
You hit the orc.
The orc is heavily wounded.
You block the orc's attack. The orc hits you with a +0 flail.
You die... "It's not fun and games unless someone loses an eye."

############
#....†......
#########.######...(
#oo@......# #.###
#.######### #<# #)#
###########.# #).
.........##.## #..#
########.#...## #..#
#<...... #...
###....# #..# ...#.#
#(.# #####.#


You could see 2 orcs.

Vanquished Creatures
  An orc priest (D:3)
  2 adders (D:2)
  A worm (D:2)
  4 dart slugs
  An orc (D:3)
  5 bats
  3 endoplasms
  2 giant cockroaches (D:1)
  A goblin (D:1)
  A hobgoblin (D:2)
  8 jackals (D:2)
  A kobold (D:2)
  A quokka (D:1)
  4 ball pythons
  4 frilled lizards
  A rat (D:2)
40 creatures vanquished.

Notes
Turn   | Place    | Note
-------+----------+-------------------------------------------
     0 | D:1      | Delamore the Gargoyle Fighter began the quest for the Orb.
     0 | D:1      | Reached XP level 1. HP: 14/14 MP: 1/1
   155 | D:1      | Reached XP level 2. HP: 18/19 MP: 2/2
   560 | D:1      | Found a faded altar of an unknown god.
   642 | D:1      | Became a worshipper of Xom of Chaos
   955 | D:1      | XOM: silly message
  1017 | D:2      | Reached XP level 3. HP: 24/24 MP: 3/3
  1085 | D:2      | XOM: silly message
  1093 | D:2      | XOM: fake destruction
  1347 | D:2      | Reached XP level 4. HP: 29/29 MP: 4/4
  1654 | D:3      | Slain by an orc

Illustrated notes

Levels and vault maps discovered:
D:1:      ebering_trefoil_3fold, layout_basic,
          hellmonk_ecumenical_altar_pennies_from_heaven
D:2:      layout_rooms
D:3:      layout_loops_ring, overflow_temple_1_default, uniq_sigmund

Skill      XL: |  1  2  3  4 |
---------------+-------------+-----
Maces & Flails | 3 4 |  4.1
Fighting       | 4 |  4.2
Armour         | |  3.2
Shields        | |  3.2

Action                   |  1- 3 |  4- 6 || total
-------------------------+-------+-------++-------
Melee: Flail             |   116 |    22 ||   138
Throw: Dart              |       |     3 ||     3
  Use: Scroll            |       |     3 ||     3
Armor: Scale mail        |   100 |    10 ||   110
Dodge: Dodged            |    52 |     5 ||    57
Block: Kite shield       |    91 |    13 ||   104

Table legend: (Time is in decaauts)
 A = Elapsed time spent in this place.
 B = Non-inter-level travel time spent in this place.
 C = Inter-level travel time spent in this place.
 D = Time resting spent in this place.
 E = Time spent auto-exploring this place.
 F = Levels seen in this place.
 G = Mean time per level.
                   A        B        C        D        E       F      G
               +--------+--------+--------+--------+--------+-----+--------+
         Total |   1725 |   1651 |     74 |    230 |   1084 |   3 |  575.0 |
       Dungeon |   1725 |   1651 |     74 |    230 |   1084 |   3 |  575.0 |
               +--------+--------+--------+--------+--------+-----+--------+

Top non-repeatable levels by time:
     D:1: 972 daAuts
     D:2: 695 daAuts
     D:3: 57 daAuts
